AoeStats
← Fänncy

Four Lakes

509980926Analyzed
1v1 RM · 3d ago on Sep 28, 2026· 33m 35s· 2 players
Game mode
Random Map
Map size
Tiny (2 player)
Population
200
Speed
Normal
Resources
Standard
Victory
Conquest
Starting age
Dark Age
Ending age
Imperial Age
RankedLock teamsTeams togetherTeam positionsShared explorationLock speedFull tech treeHidden civsTurbo modeCheats
Victory
Defeat
🇵🇪 Inca · Peru
1119
+15
🇩🇪 Varangians · Germany
1094
-15
Fänncy
7:38 Loom
10:33 Feudal Age
11:15 Double-Bit Axe
14:21 Fishing Lines
15:00 Horse Collar
20:51 Castle Age
19:47 Scale Mail Armor
19:58 Forging
19:51 Arson
20:38 Gold Mining
21:30 Gillnets
21:51 Squires
22:05 Bow Saw
22:21 Squires
22:48 Chain Mail Armor
25:15 Iron Casting
25:15 Gambesons
27:09 Fletching
DENYS1815
10:48 Feudal Age
10:26 Loom
16:00 Castle Age
14:34 Town Watch
14:49 Champi Runner
15:30 Scale Mail Armor
16:25 Double-Bit Axe
17:16 Champi Warrior
21:57 Arson
22:13 Squires
24:43 Forging
25:03 Fletching
25:28 Crossbowman
27:55 Wheelbarrow
28:04 Bodkin Arrow
28:10 Padded Archer Armor
29:11 Ballistics
30:39 Thumb Ring
33:16 Imperial Age
33:19 Leather Archer Armor
34:29 Conscription
Connection lost

Rejoining the realm…

Still unreachable

The connection could not be restored.

Session expired

The server has moved on; the page needs a fresh start.